[Event "45th FIDE Olympiad 2024"]
[Site "Budapest"]
[Date "2024.09.18"]
[Round "7.36"]
[White "Urkedal, Frode Olav Olsen"]
[Black "Baidetskyi, Valentin"]
[Result "1-0"]
[ECO "E16"]
[WhiteElo "2546"]
[BlackElo "2512"]
[Annotator "TA"]
[PlyCount "83"]
[EventDate "2024.09.05"]
[EventType "team-tourn"]
[EventCountry "HUN"]
[SourceTitle "playchess.com"]
[Source "ChessBase"]
[SourceQuality "1"]
[WhiteTeam "Norway"]
[BlackTeam "Austria"]
[WhiteTeamCountry "NOR"]
[BlackTeamCountry "AUT"]
[TimeControl "40/5400+30:1800+30"]

1. d4 Nf6 2. c4 e6 3. g3 d5 4. Bg2 Bb4+ 5. Nd2 O-O 6. Ngf3 b6 7. O-O Bb7 8. b3 Nbd7 9. Bb2 a5 10. Qc2 {[%emt 0:00:59] The position is equal.} a4 11. bxa4 Ra7 12. cxd5 exd5 13. Rfc1 Bd6 14. Bc3 Re8 15. e3 Qe7 {[%emt 0:10:28] [#]} 16. a5 $1 b5 (16... h6 $14) (16... bxa5 17. a4) 17. Nb3 Ne4 18. Bb2 c6 19. Ne1 (19. Ne5 $16) 19... h5 $14 20. Nd3 h4 21. a3 (21. Ne5 $14) 21... hxg3 $11 22. hxg3 Qg5 (22... Nxg3 $5 23. fxg3 Qxe3+ 24. Kf1 Re6 $11 (24... Qxg3 25. Re1 $16)) 23. Re1 Re6 {[%emt 0:03:07] [#]} 24. Ne5 {[%emt 0:07:11] [#]} Rh6 $1 $15 25. Nxd7 {[%emt 0:02:43] [#]} (25. Nd2 Ndf6) 25... Bxg3 $2 {[%emt 0:00:09][%mdl 8192] This costs Black the game.} 26. fxg3 $18 Qxg3 27. Nbc5 Qh2+ $2 (27... Bc8 28. Nxe4 Qh2+ 29. Kf1 Bxd7) 28. Kf1 Ng3+ 29. Kf2 {[%emt 0:00:05][%cal Oe1h1] Black must now prevent Rh1!} Rg6 {[%emt 0:00:48] [#]} 30. Qxg6 fxg6 {[%emt 0:00:04] [#]} 31. Rh1 $1 Nxh1+ 32. Rxh1 Qd6 {[%emt 0:01:49] Black is weak on the dark squares} 33. Bh3 Kf7 (33... Bc8 $142) 34. Be6+ Ke7 35. Bc1 Kd8 36. Ne5 {[%emt 0:11:32] Strongly threatening Nf7+.} Kc7 37. Nf7 Qe7 38. e4 {[%emt 0:00:25] Intending Bf4+ and mate.} Rxa5 39. Bg5 Qe8 40. Bd8+ {[%emt 0:00:26] This pair of bishops is nice.} Kb8 41. Bxa5 Ka7 42. Rh8 {[%emt 0:00:06] Weighted Error Value: White=0.47/Black=0.68.  Loses game:     	---       	Black=1      Mistake:       	White=3     	Black=3      Inaccurate:     	White=4     	Black=1      OK:         	White=9     	Black=5      Best:        	White=2     	Black=2      Strong:       	---       	Black=1      Brilliant:      	White=2     	---} 1-0

[Event "45th FIDE Olympiad 2024"]
[Site "Budapest"]
[Date "2024.09.18"]
[Round "7.36"]
[White "Arnold, Smith"]
[Black "Doria, Daniel"]
[Result "1-0"]
[WhiteElo "1915"]
[BlackElo "1745"]
[PlyCount "111"]
[EventDate "2024.09.05"]
[EventType "team-tourn"]
[EventCountry "HUN"]
[WhiteTeam "Liberia"]
[BlackTeam "Guam"]
[WhiteTeamCountry "LBR"]
[BlackTeamCountry "GMA"]
[TimeControl "40/5400+30:1800+30"]

1. e4 e5 2. Nf3 Nc6 3. Bb5 a6 4. Ba4 Nf6 5. O-O b5 6. Bb3 Bc5 7. Qe2 d6 8. c3 Bg4 9. d3 O-O 10. Bg5 h6 11. Bh4 Rb8 12. h3 Be6 13. Nbd2 Bxb3 14. Nxb3 Bb6 15. Kh1 Qe7 16. Rad1 Qe6 17. Rfe1 Rfe8 18. Qc2 Nh5 19. Nbd2 Ne7 20. Nf1 Ng6 21. Bg3 Nxg3+ 22. Nxg3 Nf4 23. Kh2 a5 24. a3 Qf6 25. d4 h5 26. Re3 c5 27. dxe5 dxe5 28. c4 g6 29. cxb5 c4 30. Rc3 h4 31. Nf1 Rbc8 32. Ne3 Ne6 33. Nd5 Qd8 34. Nxb6 Qxb6 35. a4 Nd4 36. Nxd4 exd4 37. Rxc4 Rxc4 38. Qxc4 Qd6+ 39. Kg1 Rxe4 40. f3 Re8 41. Qc6 Qe7 42. Qe4 Qxe4 43. fxe4 Rxe4 44. Kf2 d3 45. b3 Kg7 46. Kf3 Rb4 47. Rxd3 g5 48. Ke2 g4 49. Kd2 f5 50. Kc3 Re4 51. Rd5 gxh3 52. gxh3 f4 53. Rd4 Re3+ 54. Kc4 f3 55. Rf4 Kg6 56. b6 1-0

[Event "45th FIDE Olympiad 2024"]
[Site "Budapest"]
[Date "2024.09.18"]
[Round "7.37"]
[White "Deac, Bogdan-Daniel"]
[Black "Duda, Jan-Krzysztof"]
[Result "1-0"]
[ECO "D27"]
[WhiteElo "2680"]
[BlackElo "2732"]
[Annotator "TA"]
[PlyCount "77"]
[EventDate "2024.09.05"]
[EventType "team-tourn"]
[EventCountry "HUN"]
[SourceTitle "playchess.com"]
[Source "ChessBase"]
[SourceQuality "1"]
[WhiteTeam "Romania"]
[BlackTeam "Poland"]
[WhiteTeamCountry "ROU"]
[BlackTeamCountry "POL"]
[TimeControl "40/5400+30:1800+30"]

1. d4 d5 2. Nf3 Nf6 3. c4 dxc4 4. e3 e6 5. Bxc4 c5 6. O-O a6 7. Re1 Nc6 8. Nc3 b5 9. Bd3 {[%emt 0:00:06] The position is equal.} Bb7 10. a4 cxd4 11. exd4 Be7 12. axb5 axb5 13. Rxa8 Bxa8 14. Bxb5 O-O 15. Be3 Nb4 16. Ne5 Nbd5 17. Bc6 Bxc6 18. Nxc6 Qb6 (18... Qa8 $11 {remains equal.} 19. Qa4 Bd6) 19. Nxd5 $16 Nxd5 20. Nxe7+ Nxe7 {[%emt 0:00:05] [#]} 21. d5 $1 Qxb2 22. dxe6 Qb4 23. exf7+ Rxf7 24. Qc1 {[%emt 0:07:34] Bc5 would now be deadly.} (24. Bg5 {with more complications.} Qc5 25. Qd2 Ng6 26. Re8+) 24... h6 25. Bc5 Qb7 26. h4 Qc6 27. g3 ({But not} 27. Bxe7 $6 Qxc1 28. Rxc1 Rxe7 $11) 27... Nd5 28. Qa3 Nf6 29. Bd4 Qd5 30. Qa4 Ng4 31. Re8+ Kh7 32. Qc2+ Qf5 33. Qxf5+ (33. Qa2 {seems wilder.} h5 34. Rd8 Qf3 35. Qc2+) 33... Rxf5 {[%emt 0:00:03][%mdl 4096] Endgame. KRB-KRN} 34. Re7 Nf6 35. Be5 {[%emt 0:00:55][%cal Og3g4] White is more active.} Kg8 36. f4 {[%emt 0:00:13][%cal Og3g4] Threatens to win with g4!} g5 37. fxg5 hxg5 38. h5 Nxh5 {[%emt 0:00:38][%mdl 8192] [#]} ({Black should try} 38... Nd5 $1 $14 39. Rg7+ Kf8) 39. g4 $1 {[%emt 0:00:17][%csl LRf5,LRh5] Weighted Error Value: White=0.05 (flawless) /Black=0.25 (precise) .  Loses game:     	---       	Black=1      Mistake:       	---       	Black=1      Inaccurate:     	White=1     	Black=1      OK:         	White=17    	Black=11     Best:        	White=1     	Black=4      Strong:       	White=1     	---        Brilliant:      	White=1     	---} 1-0

[Event "45th FIDE Olympiad 2024"]
[Site "Budapest"]
[Date "2024.09.18"]
[Round "7.37"]
[White "Ndahangwapo, Heskiel"]
[Black "Kumar, Manoj"]
[Result "1-0"]
[WhiteElo "2011"]
[BlackElo "1951"]
[PlyCount "159"]
[EventDate "2024.09.05"]
[EventType "team-tourn"]
[EventCountry "HUN"]
[WhiteTeam "Namibia"]
[BlackTeam "Fiji"]
[WhiteTeamCountry "NAM"]
[BlackTeamCountry "FIJ"]
[TimeControl "40/5400+30:1800+30"]

1. e4 e5 2. Nf3 Nc6 3. Bb5 a6 4. Ba4 Nf6 5. Qe2 Be7 6. c3 b5 7. Bb3 d6 8. d4 O-O 9. Nbd2 Re8 10. O-O Bf8 11. Rd1 exd4 12. cxd4 h6 13. h3 Bf5 14. Qe3 Nxe4 15. Qf4 Nxd2 16. Bxd2 Ne7 17. Re1 Qd7 18. g4 Be6 19. Bc2 Nd5 20. Qg3 Be7 21. Nh4 Bxh4 22. Qxh4 Nf6 23. Bxh6 gxh6 24. Qxf6 Bxg4 25. Qxh6 Bf5 26. Qg5+ Bg6 27. Bxg6 fxg6 28. Qxg6+ Qg7 29. Qxg7+ Kxg7 30. Rac1 Rxe1+ 31. Rxe1 c5 32. Re6 Rd8 33. dxc5 dxc5 34. Rxa6 Rd2 35. b3 c4 36. bxc4 bxc4 37. Rc6 Rxa2 38. Rxc4 Kg6 39. Rc5 Rb2 40. Kg2 Ra2 41. Kg3 Ra3+ 42. Kg4 Ra1 43. Rc6+ Kg7 44. f4 Rg1+ 45. Kf5 Rh1 46. Rc7+ Kf8 47. Kf6 Kg8 48. Rc8+ Kh7 49. Rc3 Rf1 50. f5 Ra1 51. Rc7+ Kg8 52. h4 Ra6+ 53. Kg5 Rb6 54. f6 Rb1 55. Kg6 Rg1+ 56. Kf5 Rf1+ 57. Kg6 Rg1+ 58. Kf5 Rf1+ 59. Ke5 Re1+ 60. Kd6 Rd1+ 61. Ke7 Re1+ 62. Kd8 Rf1 63. Ke7 Re1+ 64. Kd6 Rd1+ 65. Ke6 Re1+ 66. Kf5 Rf1+ 67. Kg5 Rg1+ 68. Kh6 Kf8 69. h5 Rg2 70. Kh7 Rg1 71. h6 Rg2 72. Rd7 Rg1 73. Rg7 Rf1 74. Kg6 Rg1+ 75. Kf5 Rf1+ 76. Ke5 Re1+ 77. Kd4 Rd1+ 78. Ke3 Rh1 79. h7 Rh6 80. Rg8+ 1-0

[Event "45th FIDE Olympiad 2024"]
[Site "Budapest"]
[Date "2024.09.18"]
[Round "7.38"]
[White "Wojtaszek, Radoslaw"]
[Black "Shevchenko, Kirill"]
[Result "1/2-1/2"]
[ECO "D46"]
[WhiteElo "2681"]
[BlackElo "2673"]
[Annotator "TA"]
[PlyCount "60"]
[EventDate "2024.09.05"]
[EventType "team-tourn"]
[EventCountry "HUN"]
[SourceTitle "playchess.com"]
[Source "ChessBase"]
[SourceQuality "1"]
[WhiteTeam "Poland"]
[BlackTeam "Romania"]
[WhiteTeamCountry "POL"]
[BlackTeamCountry "ROU"]
[TimeControl "40/5400+30:1800+30"]

1. d4 Nf6 2. c4 c6 3. Nc3 d5 4. Nf3 e6 5. e3 Nbd7 6. Qc2 Bd6 7. Bd3 O-O 8. O-O dxc4 9. Bxc4 e5 10. h3 Qe7 11. a3 e4 12. Ng5 Nb6 13. Bb3 Bf5 {[%emt 0:04:49] The position is equal.} 14. f3 Nbd5 15. Ngxe4 (15. fxe4 Bg6 16. Qe2 Nxc3 (16... Bxe4 17. Ncxe4 Nxe4 18. Nxe4 $14) 17. bxc3 Nxe4 (17... Bxe4 18. Bc2 $11) 18. Nxe4 Qxe4 $11 (18... Bxe4 19. Bc2 $15)) 15... Nxc3 16. Nxf6+ Qxf6 17. Qxc3 c5 18. dxc5 Be5 19. Qd2 Rad8 20. Qf2 Qg6 {[%emt 0:01:15][%cal Oe5g3] [#] White must now prevent ...Bg3!} 21. g4 h5 22. Qg2 Bd3 23. Re1 b6 24. c6 hxg4 25. hxg4 Qxc6 26. e4 Qb5 27. Bd5 Rc8 {[%emt 0:08:09] aiming for ...Rc2.} 28. a4 Qa6 29. Bb3 {[%emt 0:02:23] Inhibits Rc2.} Bc4 {[%emt 0:00:43][%mdl 1024] Black has compensation.} 30. Bc2 Bd3 {[%emt 0:01:18] Weighted Error Value: White=0.07 (flawless) /Black=0.04 (flawless) .  Inaccurate:     	White=2     	Black=1      OK:         	White=9     	Black=12     Best:        	White=2     	Black=1} 1/2-1/2

[Event "45th FIDE Olympiad 2024"]
[Site "Budapest"]
[Date "2024.09.18"]
[Round "7.38"]
[White "Prasad, Rudr"]
[Black "Eichab, Charles"]
[Result "0-1"]
[WhiteElo "1777"]
[BlackElo "2013"]
[PlyCount "74"]
[EventDate "2024.09.05"]
[EventType "team-tourn"]
[EventCountry "HUN"]
[WhiteTeam "Fiji"]
[BlackTeam "Namibia"]
[WhiteTeamCountry "FIJ"]
[BlackTeamCountry "NAM"]
[TimeControl "40/5400+30:1800+30"]

1. d4 Nf6 2. c4 e6 3. g3 d5 4. Bg2 c5 5. Nf3 Nc6 6. cxd5 exd5 7. O-O Be7 8. dxc5 Bxc5 9. Qc2 Be7 10. a3 O-O 11. Rd1 Be6 12. b4 Rc8 13. Qd3 Ne4 14. Bb2 Bf6 15. Nd4 Qb6 16. Bxe4 dxe4 17. Qxe4 Nxd4 18. Rxd4 Bxd4 19. Bxd4 Rc1+ 20. Kg2 Qc6 21. Qxc6 Rxc6 22. Nd2 Rc2 23. Nf1 Rxe2 24. Bxa7 Ra2 25. Rxa2 Bxa2 26. Bc5 Ra8 27. Ne3 Rxa3 28. Kf3 Be6 29. Ke4 f6 30. h4 Ra2 31. f3 Kf7 32. h5 Bd7 33. f4 Rd2 34. Nc4 Bc6+ 35. Kf5 Bf3 36. Nxd2 g6+ 37. hxg6+ hxg6# {0-} 0-1

[Event "45th FIDE Olympiad 2024"]
[Site "Budapest"]
[Date "2024.09.18"]
[Round "7.39"]
[White "Lupulescu, Constantin"]
[Black "Piorun, Kacper"]
[Result "1/2-1/2"]
[ECO "D02"]
[WhiteElo "2590"]
[BlackElo "2599"]
[Annotator "TA"]
[PlyCount "88"]
[EventDate "2024.09.05"]
[EventType "team-tourn"]
[EventCountry "HUN"]
[SourceTitle "playchess.com"]
[Source "ChessBase"]
[SourceQuality "1"]
[WhiteTeam "Romania"]
[BlackTeam "Poland"]
[WhiteTeamCountry "ROU"]
[BlackTeamCountry "POL"]
[TimeControl "40/5400+30:1800+30"]

1. d4 e6 2. Nf3 Nf6 3. Bf4 d5 4. e3 c5 5. Nbd2 Nc6 6. c3 h6 {[%emt 0:00:05] Recently 6...cxd4 got a lot of attention.} 7. Bd3 {[%emt 0:04:46] D02: 1 d4 d5 2 Nf3 sidelines, including 2...Nf6 3 g3 and 2...Nf6 3 Bf4.} Bd6 8. Bg3 Nh5 9. Be5 $146 ({Predecessor:} 9. Bxd6 Qxd6 10. dxc5 Qxc5 11. Nd4 Nf6 12. O-O Bd7 13. N2f3 O-O 14. Bc2 Rfe8 15. Nxc6 bxc6 {0-1 Acosta Cruz,O (2098)-Alvarez Albiol,V (2159) Titled Tuesday intern op 12th Sep Late blitz 2023 (11)}) 9... Qc7 (9... O-O $11) 10. Bb5 Bd7 11. Bxc6 Bxc6 12. O-O Nf6 13. Qe2 O-O 14. Rfd1 Rfd8 15. Bxf6 gxf6 16. e4 cxd4 17. cxd4 dxe4 18. Nxe4 Be7 (18... Kg7 {seems wilder.} 19. Rac1 Qa5 20. Ne1 Qf5) 19. Nc3 $1 Qa5 20. Rd3 Qh5 21. Rad1 Bd5 22. Nxd5 Rxd5 23. Rb3 b5 24. Rc1 Rad8 25. Rbc3 Bd6 {[%emt 0:07:00][%cal Od6h2] Hoping for ...Bxh2+!} 26. g3 a5 27. Rc8 Bf8 28. Rxd8 (28. R1c7 $14) 28... Rxd8 $11 29. Qe4 f5 30. Qb7 f4 $1 31. Kg2 ({Much weaker is} 31. gxf4 Qg4+ 32. Kh1 Qxf4 33. Rg1+ Kh7 $15) 31... fxg3 32. hxg3 Qd5 (32... a4 {looks sharper.} 33. Rc7 Bd6 34. Rc6 Qd5) 33. Qxd5 (33. Qc7 {feels hotter.} a4 34. Qf4 Rd7 35. Rc8) 33... Rxd5 34. Rc8 Kg7 35. Kf1 Bd6 36. Ke2 h5 37. Ra8 a4 38. Ra7 Kf8 39. Ra8+ Ke7 40. Ra7+ Ke8 41. Ke3 Kf8 42. Ke4 Ke8 43. Ke3 Kf8 44. Ke4 Ke8 1/2-1/2

[Event "45th FIDE Olympiad 2024"]
[Site "Budapest"]
[Date "2024.09.18"]
[Round "7.39"]
[White "Khoa, Goodwill"]
[Black "Terubea, Ronald"]
[Result "1-0"]
[WhiteElo "1890"]
[BlackElo "1836"]
[Annotator "COMBH"]
[PlyCount "89"]
[EventDate "2024.09.05"]
[EventType "team-tourn"]
[EventCountry "HUN"]
[WhiteTeam "Namibia"]
[BlackTeam "Fiji"]
[WhiteTeamCountry "NAM"]
[BlackTeamCountry "FIJ"]
[TimeControl "40/5400+30:1800+30"]

1. Nf3 Nc6 2. c4 e5 3. Nc3 Nf6 4. d3 d5 5. cxd5 Nxd5 6. g3 Be7 7. Bg2 Be6 8. Qa4 O-O 9. O-O Nb6 10. Qc2 f5 11. Bd2 Bf6 12. Qc1 h6 13. Rd1 Qe7 14. Bh3 g5 15. Bg2 g4 16. Nh4 Bxh4 17. gxh4 Qxh4 18. Bxh6 Rf7 19. Qg5+ Qxg5 20. Bxg5 Kh7 21. f4 Rg8 22. Rac1 Nd4 23. e3 Nf3+ 24. Bxf3 gxf3 25. Kf2 exf4 26. exf4 Nd5 27. Nb5 Nf6 28. h3 c6 29. Nc3 Nd5 30. a3 Rd7 31. Kxf3 Nc7 32. Rd2 Bb3 33. Re1 Rgg7 34. h4 a5 35. Re5 Rgf7 36. Rxa5 b5 37. Ra7 c5 38. Kf2 Rf8 39. Nxb5 Rff7 40. Nxc7 Rxc7 41. Rxc7 Rxc7 42. Re2 Kg6 43. Re7 Rc6 44. Kg3 c4 45. h5+ 1-0

[Event "45th FIDE Olympiad 2024"]
[Site "Budapest"]
[Date "2024.09.18"]
[Round "7.40"]
[White "Gumularz, Szymon"]
[Black "Nisipeanu, Liviu-Dieter"]
[Result "0-1"]
[ECO "E43"]
[WhiteElo "2571"]
[BlackElo "2580"]
[Annotator "RC"]
[PlyCount "110"]
[EventDate "2024.09.05"]
[EventType "team-tourn"]
[EventCountry "HUN"]
[SourceTitle "playchess.com"]
[Source "ChessBase"]
[SourceQuality "1"]
[WhiteTeam "Poland"]
[BlackTeam "Romania"]
[WhiteTeamCountry "POL"]
[BlackTeamCountry "ROU"]
[TimeControl "40/5400+30:1800+30"]

1. d4 Nf6 2. c4 e6 3. Nc3 Bb4 4. e3 O-O 5. Bd3 c5 6. Nf3 b6 7. O-O Bb7 8. Na4 cxd4 9. exd4 Re8 10. a3 Bf8 11. b4 d6 12. Re1 Nbd7 13. Bf4 a5 14. b5 Rc8 15. Nd2 d5 16. Qb3 dxc4 17. Nxc4 Nh5 18. Be3 Bd5 19. Rac1 Qh4 20. Qd1 Nhf6 21. g3 Qh3 22. Bf1 Qf5 23. Naxb6 Nxb6 24. Nxb6 Bf3 25. Qb3 Be4 26. Bg2 Rxc1 27. Rxc1 Bxg2 28. Kxg2 Rb8 29. Rc6 a4 30. Qc4 Qe4+ 31. Kg1 Qb1+ 32. Qf1 Qb3 33. Bf4 Rd8 34. Qc4 Qd1+ 35. Qf1 Qb3 36. Qc4 Qd1+ 37. Kg2 Rxd4 38. Qc2 Qh5 39. Be3 Rd8 40. Bc5 Ng4 41. h3 Ne5 42. g4 Qh4 43. Rc8 Rxc8 44. Nxc8 h5 45. Bd4 Ng6 46. Qe4 hxg4 47. hxg4 e5 48. Be3 Nf4+ 49. Bxf4 Qxg4+ 50. Kf1 exf4 51. Qe8 Qh3+ 52. Ke2 Qxa3 53. b6 f3+ 54. Kd2 Qb4+ 55. Kd3 a3 0-1

[Event "45th FIDE Olympiad 2024"]
[Site "Budapest"]
[Date "2024.09.18"]
[Round "7.40"]
[White "Maharaj, Yash Krishen"]
[Black "Nitzborn, Max Baron"]
[Result "1/2-1/2"]
[WhiteElo "1847"]
[BlackElo "1800"]
[PlyCount "102"]
[EventDate "2024.09.05"]
[EventType "team-tourn"]
[EventCountry "HUN"]
[WhiteTeam "Fiji"]
[BlackTeam "Namibia"]
[WhiteTeamCountry "FIJ"]
[BlackTeamCountry "NAM"]
[TimeControl "40/5400+30:1800+30"]

1. e4 c5 2. Nf3 Nc6 3. d4 cxd4 4. Nxd4 g6 5. c4 Bg7 6. Be3 Nf6 7. Nc3 d6 8. f3 Bd7 9. Qd2 O-O 10. Be2 Nxd4 11. Bxd4 Bc6 12. O-O b6 13. Be3 Rc8 14. Rac1 Qd7 15. b3 Qb7 16. Rfe1 Nd7 17. Nd5 Rfe8 18. Nb4 a5 19. Nxc6 Qxc6 20. f4 Qxe4 21. Bg4 Qc6 22. Bxd7 Qxd7 23. Bxb6 Qc6 24. Bf2 Ra8 25. Qd5 Qc7 26. Rcd1 Kf8 27. f5 Be5 28. Bd4 Bxd4+ 29. Qxd4 Qc5 30. Qxc5 dxc5 31. Re5 Rac8 32. Kf2 Rc6 33. g4 Rec8 34. Red5 Kg7 35. g5 gxf5 36. Rxf5 h6 37. Rd7 Kg6 38. Re5 hxg5 39. Rexe7 Rf6+ 40. Kg2 Rcc6 41. Rd5 Rfe6 42. Rxe6+ Rxe6 43. Rxc5 Re2+ 44. Kg3 Rxa2 45. h4 f6 46. hxg5 fxg5 47. Rd5 Ra3 48. Rb5 a4 49. Kg4 Rxb3 50. Rxg5+ Kf6 51. Ra5 Rb4 1/2-1/2

[Event "45th FIDE Olympiad 2024"]
[Site "Budapest"]
[Date "2024.09.18"]
[Round "7.41"]
[White "Grandelius, Nils"]
[Black "Keymer, Vincent"]
[Result "1/2-1/2"]
[ECO "B51"]
[WhiteElo "2653"]
[BlackElo "2730"]
[Annotator "TA"]
[PlyCount "101"]
[EventDate "2024.09.05"]
[EventType "team-tourn"]
[EventCountry "HUN"]
[SourceTitle "playchess.com"]
[Source "ChessBase"]
[SourceQuality "1"]
[WhiteTeam "Sweden"]
[BlackTeam "Germany"]
[WhiteTeamCountry "SWE"]
[BlackTeamCountry "GER"]
[TimeControl "40/5400+30:1800+30"]

1. e4 c5 2. Nf3 d6 3. Bb5+ Nd7 4. O-O a6 5. Bd3 Ngf6 6. c3 b5 7. Bc2 Bb7 8. Re1 c4 9. a4 e6 10. axb5 axb5 11. Rxa8 Qxa8 12. Na3 Bxe4 13. Bxe4 Nxe4 14. d3 cxd3 15. Nxb5 Qb7 {[%emt 0:26:12] Repels Nc7+} 16. c4 d5 $1 17. cxd5 exd5 ({Don't play} 17... Qxb5 18. Rxe4 Nc5 19. Rd4) 18. Qb3 Ndc5 19. Qxd5 Qxd5 20. Nc7+ Kd7 21. Nxd5 Bd6 22. b4 Nb3 {[%emt 0:00:04] [#] White must now prevent ...d2.} 23. Rxe4 Nxc1 24. Re1 Ne2+ 25. Kf1 Ke6 {[%emt 0:07:51] [#] The position is equal.} 26. Rd1 $1 Kxd5 27. Rxd3+ Kc6 28. b5+ Kc5 $1 29. Kxe2 $11 {[%emt 0:01:33][%mdl 4096] Endgame. KRB-KRN} Re8+ 30. Kf1 f6 31. g3 Bf8 32. Nd4 g6 33. Re3 Rxe3 34. fxe3 {[%emt 0:00:01] aiming for Ne6+. KB-KN} Bd6 35. Ke2 Be5 36. Ne6+ Kxb5 37. Nf8 Bd6 $1 38. Nxh7 Be7 39. Kf3 Kc6 40. g4 Kd5 41. h4 Ke6 42. e4 Ke5 43. Ke3 Bc5+ 44. Kf3 Be7 45. g5 {[%emt 0:00:00] White threatens gxf6 and mate.} f5 46. exf5 Kxf5 47. Nf6 Bxf6 48. gxf6 Kxf6 49. Kg4 Kg7 50. h5 gxh5+ 51. Kxh5 {[%emt 0:00:00] A balanced but interesting game.   Weighted Error Value: White=0.02 (flawless) /Black=0.02 (flawless) .  OK:         	White=22    	Black=27     Best:        	White=3     	Black=3      Strong:       	---       	Black=3} 1/2-1/2

[Event "45th FIDE Olympiad 2024"]
[Site "Budapest"]
[Date "2024.09.18"]
[Round "7.41"]
[White "Giasi, Viresh"]
[Black "Khalema, Sechaba"]
[Result "1-0"]
[WhiteElo "1998"]
[BlackElo "1779"]
[PlyCount "57"]
[EventDate "2024.09.05"]
[EventType "team-tourn"]
[EventCountry "HUN"]
[WhiteTeam "Suriname"]
[BlackTeam "Lesotho"]
[BlackTeamCountry "LES"]
[TimeControl "40/5400+30:1800+30"]

1. d4 d5 2. Nf3 Nf6 3. e3 Bg4 4. Nbd2 e6 5. Be2 Be7 6. b3 Nbd7 7. Bb2 Qb8 8. Ne5 Bxe2 9. Qxe2 Nb6 10. O-O O-O 11. f4 Nc8 12. Ng4 Nd6 13. Nxf6+ Bxf6 14. Ba3 Rd8 15. Bxd6 Rxd6 16. g4 g6 17. b4 a5 18. b5 c5 19. c3 a4 20. e4 Rd7 21. e5 Bd8 22. f5 cxd4 23. cxd4 Bb6 24. Nf3 Rc7 25. Rac1 Qc8 26. Rxc7 Qxc7 27. Qe3 Qc2 28. f6 Qe4 29. Qh6 1-0

[Event "45th FIDE Olympiad 2024"]
[Site "Budapest"]
[Date "2024.09.18"]
[Round "7.42"]
[White "Bluebaum, Matthias"]
[Black "Hillarp Persson, Tiger"]
[Result "1-0"]
[ECO "E51"]
[WhiteElo "2640"]
[BlackElo "2457"]
[Annotator "TA"]
[PlyCount "81"]
[EventDate "2024.09.05"]
[EventType "team-tourn"]
[EventCountry "HUN"]
[SourceTitle "playchess.com"]
[Source "ChessBase"]
[SourceQuality "1"]
[WhiteTeam "Germany"]
[BlackTeam "Sweden"]
[WhiteTeamCountry "GER"]
[BlackTeamCountry "SWE"]
[TimeControl "40/5400+30:1800+30"]

1. d4 Nf6 2. c4 e6 3. Nc3 Bb4 4. e3 O-O 5. Bd2 d5 6. Nf3 a6 {[%emt 0:05:20] E51: Nimzo-Indian: Rubinstein: 4...0-0 5 Nf3 d5.} 7. Rc1 dxc4 8. Bxc4 b5 9. Bd3 Bb7 10. Ne4 $146 ({Predecessor:} 10. a3 Be7 11. b4 Nbd7 12. e4 c5 13. e5 cxd4 14. Ne2 Ng4 15. Bf4 Bxf3 16. gxf3 Ngxe5 17. Nxd4 {0-1 Bluebaum,M (2655)-Anton Guijarro,D (2670) Titled Tuesday intern op 23rd Jan Late blitz 2024 (8)}) 10... Bxd2+ 11. Nexd2 Nbd7 12. O-O Rc8 13. e4 c5 14. e5 Nd5 15. Ne4 c4 16. Bb1 f5 17. exf6 N7xf6 18. Nc5 Qb6 19. Qd2 Rxc5 (19... Rcd8 $14) 20. dxc5 $16 Qxc5 21. Rfe1 Qc7 {[%emt 0:03:26] [#]} 22. Ne5 $1 (22. Rxe6 Nf4 23. Ree1 Bxf3 24. gxf3 Ng4 25. fxg4 Nh3+ 26. Kg2 (26. Kh1 Nxf2+ 27. Kg1 Nh3+ 28. Kg2 Rf2+ 29. Qxf2 Nxf2 $16) 26... Rxf2+ 27. Qxf2 Nxf2 28. Kxf2 Qf4+ 29. Ke2 Qxg4+ 30. Ke3 Qh3+ 31. Kd4 Qxh2 $16) 22... Ba8 23. Qd4 (23. f3 $16) 23... Rd8 24. Qh4 h6 25. h3 Rf8 26. Qg3 Qb6 27. Nf3 (27. Bg6 $142) 27... Nh5 $16 28. Qe5 (28. Qg6 $6 Ndf6 $11) ({White should play} 28. Qg4 $16 Ndf4 29. Rcd1) 28... Ndf4 29. Re3 Rd8 30. Be4 Bxe4 31. Qxe4 (31. Rxe4 $2 {too greedy.} Rd5 (31... Nd3 32. Qxh5 Nxc1 33. Qg4 $17) 32. Qc3 Ng3 $19) 31... Nd3 32. Rc2 (32. Qxe6+ $2 {perishes.} Qxe6 33. Rxe6 Nxc1 $19) 32... Rd6 33. Qa8+ Rd8 34. Rxe6 $1 Qxe6 (34... Qxf2+ $142 35. Rxf2 Rxa8) 35. Qxd8+ $16 Kh7 36. Qh4 Qe8 (36... Qg6 $16) 37. Qg4 $18 Nhf4 38. Kh2 Qe4 (38... Qe6 $142 39. g3 Qxg4 40. hxg4 Nd5) 39. Rd2 g5 $2 (39... Qd5 40. Nh4 Qe6 41. Qf5+ Qxf5 42. Nxf5 Kg6) 40. Qxg5 $18 Nd5 41. Qh5 1-0

[Event "45th FIDE Olympiad 2024"]
[Site "Budapest"]
[Date "2024.09.18"]
[Round "7.42"]
[White "Thabang, Mphane"]
[Black "Yeung, Jason"]
[Result "0-1"]
[WhiteElo "1799"]
[BlackElo "1993"]
[PlyCount "98"]
[EventDate "2024.09.05"]
[EventType "team-tourn"]
[EventCountry "HUN"]
[WhiteTeam "Lesotho"]
[BlackTeam "Suriname"]
[WhiteTeamCountry "LES"]
[TimeControl "40/5400+30:1800+30"]

1. Nf3 Nf6 2. c4 e6 3. g3 d5 4. Bg2 c6 5. O-O dxc4 6. a4 Be7 7. Na3 O-O 8. Nxc4 b6 9. Nfe5 Qc7 10. d4 Bb7 11. Bf4 Nh5 12. Bd2 Rd8 13. e4 Nf6 14. Bf4 Qc8 15. a5 b5 16. Ne3 a6 17. g4 c5 18. d5 exd5 19. exd5 g6 20. h4 Nfd7 21. Nf3 Nf6 22. Ne5 Nfd7 23. Nxd7 Qxd7 24. g5 Bf8 25. Rc1 Qc8 26. Ng4 Nd7 27. Bh3 Bg7 28. Qd2 c4 29. Bd6 c3 30. Qe3 Qc4 31. Rfd1 Bxd5 32. f3 Re8 33. Bf1 Qc6 34. Be7 Bxf3 35. Rxd7 Qxd7 36. Nf6+ Bxf6 37. gxf6 Qg4+ 38. Kf2 Qh5 39. Rxc3 Bd5 40. Qg5 Qxg5 41. hxg5 Rac8 42. Rd3 Rc2+ 43. Be2 Bc4 44. Re3 Rxb2 45. Kf3 Rxe2 46. Rxe2 Bxe2+ 47. Kxe2 Rc8 48. Kd3 Rc4 49. Bd6 Rg4 {0-} 0-1